 Dungeon Crawl Stone Soup version 0.26-a0-466-g989023bd0d (webtiles) character file.

Game seed: 2242532260105348044

2372 Ryozuki the Cudgeler (level 9, -6/68 HPs)
             Began as a Demonspawn Abyssal Knight on Aug 14, 2020.
             Was a Believer of Lugonu.
             Asphyxiated
             ... on level 6 of the Dungeon.
             The game lasted 00:51:51 (7366 turns).

Ryozuki the Cudgeler (Demonspawn Abyssal Knight)    Turns: 7366, Time: 00:51:51

Health: -6/68      AC: 12    Str: 16    XL:     9   Next: 21%
Magic:  18/20      EV:  5    Int: 19    God:    Lugonu [**....]
Gold:   261        SH:  4    Dex: 13    Spells: 8/8 levels left

rFire    + . .     SeeInvis .   D - +5 scimitar
rCold    . . .     Faith    .   e - +0 buckler
rNeg     . . .     Spirit   .   r - +0 plate armour
rPois    .         Reflect  .   (helmet restricted)
rElec    .         Harm     .   z - -1 cloak of the Zebra {rC+ rCorr MP+9}
rCorr    +                      (no gloves)
MR       .....                  (no boots)
Stlth    ..........             (no amulet)
HPRegen  0.21/turn              x - +6 ring of intelligence
MPRegen  0.17/turn              b - ring of fire

@: lethally poisoned (-6 -> -12)
A: horns 2, demonic guardian 2, powered by pain 3
a: Depart the Abyss, Bend Space, Renounce Religion


You were on level 6 of the Dungeon.
You worshipped Lugonu.
Lugonu was pleased with you.
You visited 2 branches of the dungeon, and saw 7 of its levels.
You visited the Abyss 3 times.
You also visited: Sewer.

You collected 261 gold pieces.

Inventory:

Hand Weapons
 a - a +1 mace
 j - a +0 shortbow
 A - a +0 battleaxe
 D - a +5 scimitar (weapon)
Missiles
 c - 67 bolts
 f - 26 arrows
 k - 8 javelins (quivered)
Armour
 e - a +0 buckler (worn)
 r - a +0 plate armour (worn)
 y - the +0 pair of boots of Joudgh {Harm MR+ rCorr Slay-5}
   (You found it on level 4 of the Dungeon)

   It affects your accuracy and damage with ranged weapons and melee attacks
   (-5).
   It affects your resistance to hostile enchantments.
   It provides partial protection from all sources of acid and corrosion.
   It increases damage dealt and taken.
 z - the -1 cloak of the Zebra (worn) {rC+ rCorr MP+9}
   (You found it on level 4 of the Dungeon)

   It protects you from cold.
   It affects your magic capacity (+9).
   It provides partial protection from all sources of acid and corrosion.
 C - a +1 leather armour of poison resistance
 E - a +3 leather armour
Jewellery
 b - a ring of fire (right hand)
 q - an uncursed amulet of magic regeneration {unknown}
 v - an uncursed amulet of the acrobat {unknown}
 x - a +6 ring of intelligence (left hand)
Scrolls
 h - 3 scrolls of remove curse
 i - 4 scrolls of fear
 m - 2 scrolls of blinking
 n - 2 scrolls of teleportation
 w - 2 scrolls of amnesia
 B - 2 scrolls of magic mapping {unknown}
 F - 2 scrolls of fog {unknown}
 G - 2 scrolls of random uselessness {unknown}
Potions
 d - 2 potions of cancellation {unknown}
 g - 5 potions of curing {unknown}
 l - a potion of haste
 o - 6 potions of heal wounds {unknown}
 p - a potion of invisibility {unknown}
 s - 2 potions of flight {unknown}
 t - a potion of stabbing {unknown}
 u - 4 potions of ambrosia {unknown}


   Skills:
 + Level 5.2 Fighting
 * Level 5.3 Long Blades
 + Level 0.2(3.9) Axes
 * Level 6.4(6.5) Maces & Flails
 + Level 1.1 Throwing
 + Level 5.4 Armour
 + Level 2.0 Dodging
 + Level 1.3 Stealth
 + Level 1.1 Shields
 + Level 3.7 Invocations


You had 8 spell levels left.
You didn't know any spells.
Your spell library was empty.

Dungeon Overview and Level Annotations

Branches:
Dungeon (6/15)             Temple (1/1) D:6           Sewer (visited)

Altars:
Cheibriados
Dithmenos
Elyvilon
Fedhas
Gozag
Hepliaklqana
Kikubaaqudgha
Makhleb
Nemelex Xobeh
Okawaru
Ru
Sif Muna
Trog
Uskayaw
Wu Jian
Xom
Zin
The Shining One
Beogh

Annotations:
D:3 2 transporters, Yorgos's ghost, amateur DsGl


Innate Abilities, Weirdness & Mutations

You have a pair of horns on your head.
A demonic guardian rushes to your aid.
You are powered by pain.


Message History

You slash the small abomination!
Your headbutt misses the small abomination.
The small abomination is severely damaged.
The small abomination hits you.
* * * LOW HITPOINT WARNING * * *
The small abomination hits you!
* * * LOW HITPOINT WARNING * * *
Space bends around you!
You blink.
You hit the small abomination but do no damage.
The small abomination is severely damaged.
The small abomination hits you!
* * * LOW HITPOINT WARNING * * *
The small abomination hits you but does no damage.
You pass through the gate.
Welcome back to the Dungeon!
The big kobold throws a curare-tipped dart.
The curare-tipped dart hits you.
You are lethally poisoned!
You have difficulty breathing.
You die...

.#######.###.#.# ##
#.# #.#.# #K# #.#.#
#.# #.#. #.# #..###
#.# #.##P♣P##
#(###.#.....##
#######..)..).###.$#
........##.)()(@K4)#
#######K###.'K###.[#
#.# #.#.....## #.#
#.##P♣P## #.# #..###
# #.# #### ###


You could see 2 big kobolds and a friendly ice devil (summoned).

Vanquished Creatures
  A thrashing horror (Abyss:1)
  The ghost of Yorgos the Covert, a novice GnDe of Okawaru (D:6)
  The ghost of Sassenached the Skirmisher, an amateur PaWn (D:4)
  An ogre (D:5)
  A necrophage (D:6)
  3 big kobolds
  An orc priest (D:5)
  2 hounds
  2 orc wizards (D:4)
  2 bullfrog skeletons
  2 iguanas (D:4)
  A worker ant (D:5)
  A killer bee zombie (D:4)
  A hound skeleton (D:4)
  5 adders
  A shadow imp (D:5)
  A white imp (Abyss:1)
  2 oozes
  3 worms
  2 dart slugs
  14 orcs
  2 giant cockroaches
  8 goblins
  3 hobgoblins
  3 quokkas
  2 ball pythons
  5 bats
  7 frilled lizards
  7 kobolds
  A leopard gecko skeleton (D:4)
  2 leopard gecko zombies (D:5)
  9 rats
  A plant (Sewer)
98 creatures vanquished.

Vanquished Creatures (collateral kills)
  An orange demon (Abyss:1)
  Grinder (D:3)
  Prince Ribbit (D:5)
  Menkaure (D:4)
  An ice beast (D:5)
  An ogre (D:5)
  A centaur (D:5)
  4 big kobolds (D:6)
  An orc priest (D:4)
  2 ufetubi
  6 orcs
  A kobold (Sewer)
21 creatures vanquished.

Vanquished Creatures (others)
  A worker ant (D:6)
  6 plants (D:3)
7 creatures vanquished.

Grand Total: 126 creatures vanquished

Notes
Turn   | Place    | Note
-------+----------+-------------------------------------------
     0 | Abyss:1  | Ryozuki the Demonspawn Abyssal Knight began the quest for
                  | the Orb.
     0 | Abyss:1  | Reached XP level 1. HP: 18/18 MP: 2/2
    46 | Abyss:2  | Noticed a hell hog
    46 | Abyss:2  | Noticed a hell hog
    46 | Abyss:2  | Noticed a hell hog
    46 | Abyss:2  | Noticed a hell hog
    52 | D:1      | Escaped the Abyss
   327 | D:1      | Reached skill level 2 in Maces & Flails
   580 | D:1      | Gained mutation: A weak demonic guardian rushes to your
                  | aid. [demonic ancestry]
   580 | D:1      | Reached XP level 2. HP: 24/24 MP: 3/3
   874 | D:1      | Reached * piety under Lugonu
  1390 | D:2      | Gained mutation: You have a pair of small horns on your
                  | head. [demonic ancestry]
  1390 | D:2      | Reached XP level 3. HP: 19/29 MP: 4/4
  1550 | D:2      | Found a bloodstained altar of Trog.
  2082 | D:2      | Found an opulent altar of Gozag.
  2089 | D:2      | Found a white marble altar of Elyvilon.
  2092 | D:2      | Found a shimmering blue altar of Sif Muna.
  2460 | D:3      | Found a glowing drain.
  2469 | D:3      | Reached skill level 1 in Dodging
  2469 | D:3      | Gained mutation: You sometimes gain a little power by
                  | taking damage. [demonic ancestry]
  2469 | D:3      | Reached XP level 4. HP: 21/35 MP: 5/5
  2619 | Sewer    | Entered a sewer
  2756 | Sewer    | Noticed a big kobold
  2767 | Sewer    | Killed a big kobold
  2767 | Sewer    | Reached skill level 3 in Maces & Flails
  2836 | D:3      | Identified the +6 spear of the Key {venom, Str-4 Int+4}
  2836 | D:3      | Identified the +0 scale mail of Mumblety Peg {MR+ Dex+6}
  2836 | D:3      | Noticed a gnoll sergeant
  2852 | D:3      | Gained mutation: You sometimes gain power by taking damage.
                  | [demonic ancestry]
  2852 | D:3      | Reached XP level 5. HP: 34/41 MP: 6/6
  3064 | D:3      | Reached ** piety under Lugonu
  3207 | D:3      | Noticed Yorgos's ghost (amateur DsGl)
  3225 | D:3      | Found a transporter.
  3226 | D:3      | Found a transporter.
  3348 | D:3      | Noticed Grinder
  3353 | D:3      | Paralysed by Grinder for 4 turns
  3361 | D:3      | Paralysed by Grinder for 5 turns
  3373 | D:3      | Killed Grinder
  3373 | D:3      | Gained mutation: A demonic guardian rushes to your aid.
                  | [demonic ancestry]
  3373 | D:3      | Reached XP level 6. HP: 23/48 MP: 7/7
  3623 | D:4      | Reached skill level 4 in Maces & Flails
  3761 | D:4      | Got a pair of ichor-stained boots
  3767 | D:4      | Identified the +0 pair of boots of Joudgh {Harm MR+ rCorr
                  | Slay-5} (You found it on level 4 of the Dungeon)
  3777 | D:4      | Got a twisted cloak
  3784 | D:4      | Identified the -1 cloak of the Zebra {rC+ rCorr MP+9} (You
                  | found it on level 4 of the Dungeon)
  4141 | D:4      | Noticed Menkaure
  4147 | D:4      | Killed Menkaure
  4653 | D:4      | Reached skill level 1 in Stealth
  4845 | D:4      | Reached XP level 7. HP: 40/54 MP: 8/8
  4937 | D:4      | Found a runed translucent gate.
  4937 | D:4      | Noticed Sassenached's ghost (amateur PaWn)
  4938 | D:4      | Found a runed translucent gate.
  4939 | D:4      | Found a runed translucent gate.
  4950 | D:4      | Found a roughly hewn altar of Beogh.
  4991 | D:4      | Killed Sassenached's ghost
  4991 | D:4      | Reached skill level 5 in Maces & Flails
  5375 | D:5      | Entered Level 5 of the Dungeon
  5428 | D:5      | Reached skill level 1 in Throwing
  6139 | D:5      | Reached skill level 1 in Long Blades
  6364 | D:5      | Noticed Prince Ribbit
  6368 | D:5      | Killed Prince Ribbit
  6368 | D:5      | Gained mutation: You have a pair of horns on your head.
                  | [demonic ancestry]
  6368 | D:5      | Reached XP level 8. HP: 61/61 MP: 10/10
  6653 | D:6      | Reached skill level 1 in Shields
  6669 | D:6      | Found a staircase to the Ecumenical Temple.
  6688 | Temple   | Entered the Ecumenical Temple
  6989 | D:6      | Reached *** piety under Lugonu
  7047 | D:6      | Found a runed translucent gate.
  7047 | D:6      | Found a runed translucent gate.
  7047 | D:6      | Found a runed translucent gate.
  7047 | D:6      | Noticed Yorgos's ghost (novice GnDe)
  7049 | D:6      | Identified the +11 short sword "Maungek" {chaos, rC+}
  7054 | D:6      | Reached skill level 6 in Maces & Flails
  7078 | D:6      | Killed Yorgos's ghost
  7080 | D:6      | Cast into level 1 of the Abyss (big kobold)
  7138 | Abyss:1  | Noticed an orange demon
  7151 | Abyss:1  | Killed an orange demon
  7151 | Abyss:1  | Reached skill level 5 in Fighting
  7151 | Abyss:1  | Reached skill level 5 in Armour
  7229 | Abyss:1  | Noticed a wretched star
  7230 | D:6      | Escaped the Abyss
  7243 | D:6      | Cast into level 1 of the Abyss (big kobold)
  7335 | Abyss:1  | Noticed a thrashing horror
  7356 | Abyss:1  | Killed a thrashing horror
  7356 | Abyss:1  | Reached skill level 5 in Long Blades
  7356 | Abyss:1  | Gained mutation: You are powered by pain. [demonic
                  | ancestry]
  7356 | Abyss:1  | Reached XP level 9. HP: 35/68 MP: 11/11
  7364 | Abyss:1  | HP: 3/68 [small abomination (8)]
  7366 | D:6      | Escaped the Abyss
  7366 | D:6      | Asphyxiated

Illustrated notes

Levels and vault maps discovered:
D:1:      wander_arrival_lonely_grave, layout_loops_corners
D:2:      layout_basic, minitemple, old_standard_altar
D:3:      layout_basic, gammafunk_ghost_gnarly_gnolls, portal_sewer_entry_a,
          minmay_misc_feat_columns, hangedman_decor_points, minmay_circle_x,
          uniq_grinder
D:4:      wander_river, layout_loops_corners, biasface_ghost_orc_armoury,
          uniq_menkaure
D:5:      wad_pebble_path, layout_basic, uniq_prince_ribbit1
D:6:      layout_basic, kennysheep_little_box,
          minmay_temple_entry_drinking_statues, gammafunk_ghost_nasty_kobolds
Temple:   nicolae_temple_great_sept

Skill      XL: |  1  2  3  4  5  6  7  8 |
---------------+-------------------------+-----
Maces & Flails | 2 3 4 5 6 |  6.4
Armour         | 2 3 4 5 |  5.4
Dodging        | 1 2 |  2.0
Fighting       | 4 5 |  5.2
Stealth        | 1 |  1.3
Throwing       | 1 |  1.1
Long Blades    | 2 5 |  5.3
Shields        | 1 |  1.1
Invocations    | 3 |  3.7
Axes           | |  0.2

Action                   |  1- 3 |  4- 6 |  7- 9 || total
-------------------------+-------+-------+-------++-------
Melee: Mace              |    71 |   155 |    22 ||   248
       Hand axe          |     9 |     6 |       ||    15
       Headbutt          |     2 |    31 |    15 ||    48
       Scimitar          |       |       |    93 ||    93
Throw: Javelin           |       |     1 |     1 ||     2
Invok: Depart the Abyss  |     1 |       |     2 ||     3
       Bend Space        |       |     1 |     5 ||     6
       Banish            |       |       |     1 ||     1
  Use: Scroll            |       |     1 |     5 ||     6
 Stab: Distracted        |       |     2 |       ||     2
Armor: Leather armour    |    16 |       |       ||    16
       Scale mail        |    15 |     1 |       ||    16
       Plate armour      |       |    71 |    96 ||   167
Dodge: Dodged            |    36 |    26 |    23 ||    85
Block: Buckler           |    10 |    17 |    17 ||    44
       Rpst.: Scimitar   |       |       |     4 ||     4

Table legend: (Time is in decaauts)
 A = Elapsed time spent in this place.
 B = Non-inter-level travel time spent in this place.
 C = Inter-level travel time spent in this place.
 D = Time resting spent in this place.
 E = Time spent auto-exploring this place.
 F = Levels seen in this place.
 G = Mean time per level.
                   A        B        C        D        E       F      G
               +--------+--------+--------+--------+--------+-----+--------+
         Total |   7497 |   7497 |      0 |   1712 |   2900 |  12 |  624.8 |
       Dungeon |   6852 |   6852 |      0 |   1505 |   2892 |   6 | 1142.0 |
        Temple |    113 |    113 |      0 |      0 |      0 |   1 |  113.0 |
         Abyss |    327 |    327 |      0 |    207 |      0 |   4 |   81.8 |
         Sewer |    203 |    203 |      0 |      0 |      8 |   1 |  203.0 |
               +--------+--------+--------+--------+--------+-----+--------+

Top non-repeatable levels by time:
     D:4: 1842 daAuts
     D:1: 1316 daAuts
     D:5: 1261 daAuts
     D:3: 1096 daAuts
     D:2: 967 daAuts
     D:6: 368 daAuts
 Abyss:1: 318 daAuts
   Sewer: 203 daAuts
  Temple: 113 daAuts
 Abyss:2: 8 daAuts
